[Event "28th Bosnjaci Open 2024"]
[Site "Bosnjaci"]
[Date "2024.01.09"]
[Round "9.19"]
[White "Bosnjak, Nino"]
[Black "Drmic, Bozo"]
[Result "0-1"]
[ECO "C41"]
[WhiteElo "2162"]
[BlackElo "2000"]
[Annotator "TA"]
[PlyCount "98"]
[EventDate "2024.01.02"]
[EventType "swiss"]
[EventCountry "CRO"]
[SourceTitle "playchess.com"]
[Source "ChessBase"]
[SourceQuality "1"]
[TimeControl "5400+30"]

1. d4 d6 2. e4 Nf6 3. Nc3 Nbd7 4. Nf3 e5 5. Bc4 Be7 6. O-O c6 7. a4 a5 8. Re1 Qc7 9. h3 O-O 10. Bg5 {[%emt 0:03:07] C41: Philidor Defence.} h6 11. Bh4 exd4 12. Nxd4 {[%emt 0:01:54] [#] White is slightly better.} Nc5 $146 ({Predecessor:} 12... Ne5 13. Bb3 Ng6 14. Bg3 Re8 15. Qe2 Bf8 16. Rad1 Ne5 17. f4 Ned7 18. Qf3 Nc5 {1-0 Pobor,M (2292)-Petrovic,A (2205) Pozarevac Rudar 3rd 2022 (6)}) 13. Bg3 Re8 $2 (13... Qb6 $14) 14. e5 $18 dxe5 15. Bxe5 ({Not} 15. Rxe5 Rd8 $14) 15... Qd8 (15... Qd7 $18 16. Qf3 Bf8) 16. Bxf6 (16. Qf3 $16) 16... Bxf6 $11 17. Qh5 $1 Rf8 (17... Bxd4 $2 18. Bxf7+ Kh8 19. Rxe8+ $18 (19. Bxe8 Qf6 $18)) (17... Ne6 $11 18. Nxe6 Bxe6 19. Bxe6 Rxe6) 18. Nxc6 $16 Qb6 (18... bxc6 $16 19. Qxc5 Rb8) 19. Nd5 $2 (19. Ne7+ $18 Bxe7 20. Nd5 (20. Rxe7 Qxb2 21. Rb1 Qxc3 $11)) 19... Qxc6 20. Nxf6+ {[%emt 0:00:00][%mdl 64] Overworked Piece} Qxf6 21. Qxc5 Bf5 22. Bd3 (22. c3 $16) 22... Bxd3 $11 23. cxd3 Qxb2 24. Rab1 Qd2 25. Red1 Qe2 26. Qb5 Rfb8 27. Re1 Qa2 28. Re7 b6 29. Qb3 Qxb3 30. Rxb3 {[%emt 0:00:05][%mdl 4096] Endgame KRR-KRR} Rd8 (30... Kf8 $11 31. Re4 Rb7) 31. Kf1 (31. Rxb6 $14 Rd4 32. Rbb7) 31... Rac8 32. Ke2 Rc2+ 33. Ke3 Rd6 34. Re8+ Kh7 35. g4 Ra2 36. Re4 $1 g5 37. Re7 (37. Rb1 $1 $15) 37... Kg7 ({Don't play} 37... Rxa4 $6 38. Rxf7+ Kg6 39. Rb7 $11) 38. Re4 Rf6 {[%emt 0:00:22] Black is more active.} 39. f4 (39. f3 $17 {was worth a try.}) 39... Rh2 (39... gxf4+ $19 40. Kf3 Rh2 41. Rxf4 Rxh3+ 42. Ke4 Rd6) 40. fxg5 $17 Rxh3+ 41. Kd4 ({Better is} 41. Kd2 hxg5 42. Re5) 41... hxg5 42. Re5 Rf4+ 43. Re4 Rf6 44. Re5 $1 {[%emt 0:00:12] [#]} Rd6+ $1 45. Rd5 (45. Kc4 $142) 45... Rxd5+ $19 46. Kxd5 {[%emt 0:00:04][%cal Od5c6] [#]} Rg3 $1 47. Ke5 $2 (47. Rxb6 {keeps fighting.} Rxg4 48. d4) 47... Rxg4 48. Rxb6 (48. d4 {only move.} f6+ 49. Kd5) 48... Rxa4 49. d4 Rb4 {[%emt 0:04:47] Weighted Error Value: White=0.42/Black=0.42} 0-1

[Event "28th Bosnjaci Open 2024"]
[Site "Bosnjaci"]
[Date "2024.01.09"]
[Round "9.20"]
[White "Pusara, Mihailo"]
[Black "Tukovic, Dario"]
[Result "1/2-1/2"]
[ECO "C77"]
[WhiteElo "1928"]
[BlackElo "2132"]
[Annotator "TA"]
[PlyCount "132"]
[EventDate "2024.01.02"]
[EventType "swiss"]
[EventCountry "CRO"]
[SourceTitle "playchess.com"]
[Source "ChessBase"]
[SourceQuality "1"]
[TimeControl "5400+30"]

1. e4 e5 2. Nf3 Nc6 3. Bb5 a6 4. Ba4 Nf6 5. d3 d6 6. c3 g6 7. O-O Bg7 8. Re1 O-O 9. h3 b5 {[%emt 0:01:08] C77: Ruy Lopez: 3...a6 4 Ba4 Nf6, unusual lines.} 10. Bc2 Bb7 11. a4 b4 {[%emt 0:00:19] White is slightly better.} 12. Nbd2 {[%emt 0:01:59] [#]} Rb8 $146 ({Predecessor:} 12... a5 13. d4 bxc3 14. bxc3 exd4 15. Nxd4 Nd7 16. N2f3 Nde5 17. Rb1 Nxf3+ 18. Qxf3 Rb8 {½-½ Mammadova,G (2313)-Atalik,E (2382) TUR-chT Kocaeli 2015 (1.1)}) 13. d4 bxc3 14. bxc3 exd4 15. cxd4 Nb4 16. Ba3 Nxc2 17. Qxc2 Re8 18. Rac1 Rc8 19. Rb1 Ba8 20. Qd3 a5 21. d5 {[%emt 0:03:50] Prevents Bc6} c6 22. dxc6 (22. Nc4 {seems wilder.} cxd5 23. Nxd6 dxe4 24. Qb3) 22... Bxc6 23. Bxd6 Bxa4 {[%emt 0:04:15] [#] ...Bc2 is the strong threat.} 24. Nc4 Bc6 25. Nfd2 Nd7 26. Ba3 Ne5 27. Nxe5 Bxe5 28. Qxd8 Rcxd8 29. Nc4 Bc3 {[%emt 0:15:12][%csl LRe1,LRe4][%cal Oc6e4] A strong pair of Bishops.} 30. Rec1 Bxe4 31. Rb5 {[%emt 0:00:15] [#]} Bb4 32. Bxb4 axb4 33. Rxb4 Rd4 34. Rb3 $2 (34. Ra4 $11 {and White has nothing to worry.}) 34... Bd5 $2 (34... Rc8 $19 35. Rbc3 Rd3) 35. Rbc3 $11 {[%emt 0:00:26] The position is equal.} Re2 36. Ne3 Be6 37. R3c2 Rxc2 38. Rxc2 {[%emt 0:00:04][%mdl 4096] Endgame KRB-KRN} Ra4 39. Kh2 Kg7 40. g3 g5 41. Rd2 Ra6 42. Ng2 f5 43. h4 h6 44. hxg5 hxg5 45. f4 g4 46. Kg1 Ra3 47. Re2 Kf6 48. Ne3 Rd3 49. Kf2 Bd7 50. Rc2 Rd6 51. Ke2 Bc6 52. Rb2 Bf3+ 53. Kf2 Be4 54. Re2 Bf3 55. Rb2 Ra6 56. Rd2 Be4 57. Re2 Re6 58. Rb2 Kf7 59. Rb5 Kf6 60. Nd5+ Kg6 61. Ne3 Rd6 62. Rb2 Kf6 63. Re2 Rd4 64. Rb2 Rd6 65. Re2 Rd4 66. Rb2 Rd6 {[%emt 0:00:30] Weighted Error Value: White=0.14 (very precise) /Black=0.15 (very precise)} 1/2-1/2